Map: [ESL] Inside and Out

Players

Kelazhur

  • Race: Terran Terran
  • Spawn Location: 7:00

SpeCial - Winner!

  • Race: Terran Terran
  • Spawn Location: 1:00

Event: DreamHack SC2 Masters 2022 Atlanta (Online)

VOD

Have the link to the VOD?

Description

Time

  • Played on: Oct. 2, 2022, 3:22 p.m.
  • Length: 7:26

All games in this series

Show
View Real Time Build Order
Export as new Build Order

Kelazhur Terran 

Build Orders:  

Get SALT Encoding   

  12  0:00  SCV  
  13  0:13  Supply Depot  
  13  0:19  SCV  
  14  0:35  Barracks  
  14  0:41  Refinery  
  14  0:55  Barracks  
  14  0:59  SCV  
  15  1:11  SCV  
  16  1:24  Orbital Command  
  16  1:25  Reaper  
  17  1:34  Refinery  
  17  1:43  Reaper  
  18  1:50  SCV  
  19  1:54  Supply Depot  
  19  2:00  Reaper  
  20  2:02  SCV  
  21  2:15  Reaper  
  22  2:16  SCV  
  23  2:32  Reaper  
  23  2:33  SCV  
  23  2:34  Bunker  
  23  2:45  SCV  
  23  2:47  Reaper, Factory  
  25  2:57  SCV  
  26  3:04  Reaper  
  27  3:07  Supply Depot  
  27  3:09  SCV  
  28  3:22  SCV  
  29  3:32  Starport  
  29  3:34  SCV  
  30  3:35  Factory Tech Lab  
  30  3:46  SCV  
  31  3:55  Cyclone  
  34  3:58  SCV  
  34  4:16  Medivac  
  35  4:18  SCV  
  36  4:30  SCV  
  37  4:33  Command Center  
  37  4:45  Supply Depot  
  37  4:49  SCV  
  38  5:05  Starport Tech Lab  
  38  5:07  Cyclone, SCV  
  41  5:19  SCV  
  41  5:27  Banshee  
  44  5:31  SCV  
  44  5:33  Command Center  
  45  5:37  Supply Depot  
  43  5:43  SCV  
  43  5:46  Supply Depot  
  44  5:58  Cyclone  
  47  6:06  Supply Depot  
  47  6:10  SCV  
  47  6:13  Marine  
  42  6:19  Banshee  
  42  6:22  SCV  
  46  6:34  SCV  
  44  6:51  SCV  
  39  7:03  Barracks Reactor, SCV  
  39  7:04  Factory Tech Lab  
  37  7:10  Starport Tech Lab  
  38  7:21  Command Center  
Show
View Real Time Build Order
Export as new Build Order

SpeCial Terran - Winner!

Build Orders: Liberator Opening 

Get SALT Encoding   

  12  0:00  SCV  
  13  0:12  SCV  
  14  0:17  Supply Depot  
  14  0:24  SCV  
  15  0:38  SCV  
  15  0:39  Barracks  
  16  0:43  Refinery  
  16  0:50  SCV  
  16  0:53  Refinery  
  17  1:03  SCV  
  18  1:15  SCV  
  19  1:27  Reaper, Orbital Command  
  19  1:31  Supply Depot  
  20  1:42  Factory  
  20  1:54  SCV  
  20  1:59  Marine  
  22  2:06  SCV  
  23  2:17  Marine  
  23  2:19  SCV  
  25  2:27  Hellion  
  27  2:31  Starport  
  27  2:35  Marine  
  27  2:40  SCV  
  27  2:49  Hellion  
  27  2:50  Supply Depot  
  29  2:53  SCV  
  29  2:55  Barracks Tech Lab  
  30  3:05  SCV  
  31  3:12  Liberator  
  34  3:17  SCV  
  35  3:27  Marine  
  35  3:28  Engineering Bay  
  35  3:29  Cyclone  
  35  3:33  SCV  
  39  3:37  Supply Depot  
  39  3:45  SCV  
  36  4:00  SCV  
  36  4:01  Command Center  
  37  4:12  Cyclone  
  37  4:14  SCV  
  41  4:21  Mag-Field Accelerator  
  41  4:26  SCV  
  42  4:34  Supply Depot, Liberator  
  45  4:41  SCV  
  46  4:53  SCV  
  46  4:56  Cyclone  
  50  5:05  SCV  
  51  5:17  SCV  
  49  5:28  Cyclone  
  52  5:29  SCV  
  52  5:31  Factory  
  54  5:42  SCV  
  54  5:50  Orbital Command  
  54  5:53  Refinery  
  54  5:54  Refinery  
  54  5:58  SCV  
  54  6:00  Cyclone  
  58  6:04  Command Center  
  48  6:18  SCV  
  48  6:20  SCV  
  49  6:26  Factory Tech Lab  
  49  6:30  SCV  
  49  6:32  Cyclone, SCV  
  51  6:43  SCV  
  51  6:44  SCV  
  50  6:55  SCV  
  50  6:56  SCV  
  52  7:02  Barracks  
  52  7:07  SCV  
  59  7:09  SCV  
Tags
 
Add a new tag
Caveats
  • Supply blocks, unpowered buildings, or Contaminate may cause inaccurate times.
  • Supply counts are checked every 10 seconds.